 Dungeon Crawl Stone Soup version 0.21.1-1-g345015fe64 (webtiles) character file.

184 McKennaii the Magician (level 5, -2/28 HPs)
             Began as a Deep Elf Ice Elementalist on June 11, 2018.
             Slain by Robin
             ... wielding a +0 trident
              (6 damage)
             ... on level 3 of the Dungeon.
             The game lasted 00:04:29 (1811 turns).

McKennaii the Magician (Deep Elf Ice Elementalist)  Turns: 1811, Time: 00:04:29

Health: -2/28      AC:  5    Str: 10    XL:     5   Next: 36%
Magic:  4/14       EV: 13    Int: 21    God:
Gold:   201        SH:  0    Dex: 15    Spells: 11/14 levels left

rFire    . . .     SeeInvis .   l - +0 dagger
rCold    + . .     Gourm    .   (no shield)
rNeg     . . .     Faith    .   a - +0 robe
rPois    .         Spirit   .   (no helmet)
rElec    .         Reflect  .   (no cloak)
rCorr    .         Harm     .   h - +2 pair of gloves
MR       .....                  (no boots)
Stlth    ++........             e - amulet of magic regeneration
HPRegen  0.09/turn              k - ring of protection from cold
MPRegen  0.39/turn              (no ring)

@: mighty
A: no striking features
a: no special abilities


You were on level 3 of the Dungeon.
You were very hungry.

You visited 1 branch of the dungeon, and saw 3 of its levels.

You collected 201 gold pieces.

Inventory:

Hand Weapons
 l - a +0 dagger (weapon)
Armour
 a - a +0 robe (worn)
 h - a +2 pair of gloves (worn)
Jewellery
 e - an amulet of magic regeneration (around neck)
 k - a ring of protection from cold (left hand)
Scrolls
 d - a scroll of enchant weapon {unknown}
 f - a scroll of fear {unknown}
 g - a scroll of teleportation {unknown}
 i - a scroll of blinking {unknown}
 j - 2 scrolls of remove curse {unknown}
 m - 3 scrolls of identify {unknown}
 q - a scroll of amnesia {unknown}
Potions
 n - a potion of might
 o - a potion of heal wounds {unknown}
 p - a potion of resistance {unknown}
 s - a potion of curing {unknown}
Books
 b - a book of Frost

   Spells                             Type                      Level
   a - Freeze                         Ice                          1
   b - Throw Frost                    Conjuration/Ice              2
   c - Ozocubu's Armour               Charms/Ice                   3
   d - Throw Icicle                   Conjuration/Ice              4
   e - Summon Ice Beast               Ice/Summoning                4
Comestibles
 c - 6 rations


   Skills:
 + Level 2.8 Dodging
 * Level 3.0 Stealth
 * Level 5.3 Spellcasting
 + Level 1.8 Conjurations
 * Level 4.9 Ice Magic


You had 11 spell levels left.
You knew the following spells:

 Your Spells              Type           Power        Failure   Level  Hunger
a - Freeze                Ice            ####         1%          1    None
b - Throw Frost           Conj/Ice       ###...       4%          2    None


Dungeon Overview and Level Annotations

Branches:
Dungeon (3/15)

Altars:
Gozag

Annotations:
D:3 Robin; chorionicmirror's ghost, amateur GnWn


Message History

You have reached level 5!
Robin throws the goblin at you! Robin hits you with a trident!
* * * LOW HITPOINT WARNING * * *
Items here: (( )) † an uncursed shortbow; 14 arrows; a whip; 7 tomahawks; a centaur corpse You barely miss Robin.
The goblin misses you. Robin misses you.
Unknown command.
You puncture Robin!
Robin is heavily wounded.
The goblin closely misses you. Robin barely misses you.
Unknown command.
You hit Robin.
Robin is almost dead.
The goblin closely misses you.
Unknown command.
You hit Robin.
Robin is almost dead.
Robin hits you with a trident.
You die...

###### #.... ##.... #.(..
#...# #... #††### #.(g.#
# ## #.##@# .##†.
##...#####.##g#####.c..).
#............w..gggcgg...
##...#####..########w#...
## #..######
#.######.......#
#.........####..
#.######..# ########.
#..###........


You could see a worm, Robin and a goblin.

Vanquished Creatures
  A centaur (D:3)
  2 adders (D:2)
  2 oozes (D:3)
  4 dart slugs
  A leopard gecko (D:2)
  4 orcs (D:3)
  A ball python (D:2)
  5 bats
  4 giant cockroaches
  9 goblins
  9 hobgoblins
  12 kobolds
  4 rats
58 creatures vanquished.

Notes
Turn   | Place    | Note
-------+----------+-------------------------------------------
     0 | D:1      | McKennaii the Deep Elf Ice Elementalist began the quest for the Orb.
     0 | D:1      | Reached XP level 1. HP: 10/10 MP: 6/6
   267 | D:1      | Reached XP level 2. HP: 12/15 MP: 6/8
   271 | D:1      | Learned a level 2 spell: Throw Frost
   726 | D:2      | Reached XP level 3. HP: 19/19 MP: 7/10
   909 | D:2      | Found an opulent altar of Gozag.
  1395 | D:3      | Reached skill level 4 in Spellcasting
  1395 | D:3      | Reached XP level 4. HP: 24/24 MP: 7/12
  1476 | D:3      | Noticed chorionicmirror's ghost (amateur GnWn)
  1772 | D:3      | Noticed Robin
  1779 | D:3      | Noticed a centaur
  1806 | D:3      | Killed a centaur
  1806 | D:3      | Reached skill level 5 in Spellcasting
  1806 | D:3      | Reached XP level 5. HP: 10/28 MP: 1/14
  1811 | D:3      | Slain by Robin

Skill      XL: |  1  2  3  4 |
---------------+-------------+-----
Ice Magic      | 4 |  4.9
Spellcasting   | 4 5 |  5.3
Stealth        | 3 |  3.0
Dodging        | |  2.8
Conjurations   | |  1.8

Action                   |  1- 3 |  4- 6 || total
-------------------------+-------+-------++-------
Melee: Unarmed           |     1 |       ||     1
       Dagger            |       |    13 ||    13
 Cast: Freeze            |    14 |    21 ||    35
       Throw Frost       |    42 |    19 ||    61
  Use: Potion            |       |     1 ||     1
  Eat: Chunk             |     2 |     1 ||     3
Armor: Robe              |     5 |    10 ||    15
Dodge: Dodged            |     9 |    31 ||    40
